[ AOE2 MATCH · #458895240 ]
UnrankedTupi vs Burmese
[ REPLAY ANALYSIS · EXTRACTED FROM THE RECORDED GAME ]
Feudal
10:29
Castle
18:03
Imperial
34:23
| APM avg | 17.5 |
| APM peak | 41 |
| eAPM avg | 11.6 |
| Villagers / military | 118 / 2 |
Focus
⚔️ 22.9% · 🌾 77.1%
Unknown (2579) ×128 · Trebuchet (Packed) ×2
Feudal
—
Castle
—
Imperial
—
| APM avg | 11.3 |
| APM peak | 26 |
| eAPM avg | 8.2 |
| Villagers / military | 80 / 42 |
Focus
⚔️ 22.7% · 🌾 77.3%
Scout Cavalry ×16 · Battle Elephant ×12 · Arambai ×10 · Trade Cart ×5 · Knight ×4
Feudal
—
Castle
—
Imperial
—
| APM avg | 10.6 |
| APM peak | 31 |
| eAPM avg | 9.3 |
| Villagers / military | 78 / 76 |
Focus
⚔️ 36.5% · 🌾 63.5%
Spearman ×23 · Konnik ×19 · Militia ×17 · Archer ×17 · Trade Cart ×5
Feudal
22:02
Castle
30:39
Imperial
43:58
| APM avg | 10.4 |
| APM peak | 54 |
| eAPM avg | 8.6 |
| Villagers / military | 63 / 0 |
Focus
⚔️ 26.2% · 🌾 73.8%
Trade Cart ×21
Feudal
10:36
Castle
20:22
Imperial
33:22
| APM avg | 10.3 |
| APM peak | 26 |
| eAPM avg | 8.3 |
| Villagers / military | 86 / 45 |
Focus
⚔️ 28.4% · 🌾 71.6%
Spearman ×34 · Ballista Elephant ×8 · Trade Cart ×4 · Trebuchet (Packed) ×3
Feudal
11:16
Castle
19:11
Imperial
37:04
| APM avg | 16.6 |
| APM peak | 36 |
| eAPM avg | 10.9 |
| Villagers / military | 90 / 35 |
Focus
⚔️ 26.7% · 🌾 73.3%
Hand Cannoneer ×24 · Monk ×7 · Trade Cart ×2 · Knight ×2 · Bombard Cannon ×1 · Scorpion ×1
Feudal
11:14
Castle
21:02
Imperial
36:01
| APM avg | 11.0 |
| APM peak | 29 |
| eAPM avg | 8.6 |
| Villagers / military | 86 / 94 |
Focus
⚔️ 20.3% · 🌾 79.7%
Archer ×51 · Fire Lancer ×39 · Trade Cart ×4 · Spearman ×4
Feudal
14:24
Castle
23:10
Imperial
34:44
| APM avg | 14.5 |
| APM peak | 29 |
| eAPM avg | 9.1 |
| Villagers / military | 111 / 188 |
Focus
⚔️ 27.4% · 🌾 72.6%
Knight ×64 · Skirmisher ×61 · Spearman ×50 · Trade Cart ×15 · Petard ×6 · Archer ×3
Match map
Initial resources + every placement click. Lines = walls · curves = elevation contours. ◆ gold · ⬟ stone · ● berries · ✦ relic · ◌ wall gap
Your base· ✓ Closed at 18:03 · 0t walls · 3 gate(s)
ELITEMARIO69's base· ✓ Closed at 19:19 · 0t walls · 2 gate(s)
GroaningCoyote3's base· ✓ Closed at 20:33 · 18t walls · 4 gate(s)
humpreymcbuilderzzs's base· ✓ Closed at 30:39 · 72t walls · 9 gate(s)
RicardoIsma02's base· ✓ Closed at 20:22 · 0t walls · 3 gate(s)
ッ's base· ✓ Closed at 19:11 · 0t walls · 3 gate(s)
Hydarnis's base· ✓ Closed at 21:02 · 0t walls · 2 gate(s)
TORRES's base· ✓ Closed at 23:10 · 0t walls · 3 gate(s)
Smoothed initial terrain · ◌ = detected wall gap · hover for details
Inputs per minute
— alex02052013 - - ELITEMARIO69
Build order — alex02052013
First 150 of 227 actions detected
| 0:03 | Build | House |
| 0:05 | Build | House |
| 0:06 | Create | Villager (Male) ×4 |
| 1:27 | Create | Villager (Male) |
| 1:53 | Build | Settlement |
| 1:59 | Create | Villager (Male) |
| 2:22 | Create | Villager (Male) |
| 2:53 | Create | Villager (Male) |
| 2:53 | Create | Villager (Male) |
| 3:57 | Create | Villager (Male) |
| 4:23 | Create | Villager (Male) |
| 4:24 | Create | Villager (Male) |
| 4:31 | Build | Settlement |
| 4:59 | Create | Villager (Male) |
| 5:11 | Create | Villager (Male) |
| 5:11 | Create | Villager (Male) |
| 5:11 | Create | Villager (Male) |
| 5:11 | Create | Villager (Male) |
| 5:11 | Create | Villager (Male) |
| 6:02 | Create | Villager (Male) |
| 6:02 | Create | Villager (Male) |
| 6:51 | Create | Villager (Male) |
| 7:08 | Create | Villager (Male) |
| 7:43 | Create | Villager (Male) |
| 7:49 | Research | Loom |
| 8:01 | Build | Settlement |
| 8:18 | Research | Feudal Age |
| 8:54 | Create | Villager (Male) |
| 8:54 | Create | Villager (Male) |
| 8:54 | Create | Villager (Male) |
| 8:55 | Create | Villager (Male) |
| 9:13 | Build | Settlement |
| 10:29 | Age | Feudal Age |
| 11:04 | Build | Settlement |
| 11:32 | Create | Villager (Male) |
| 11:56 | Create | Villager (Male) |
| 12:10 | Build | Blacksmith |
| 12:35 | Build | Farm |
| 12:41 | Build | Farm |
| 12:53 | Create | Villager (Male) |
| 13:12 | Build | Market |
| 13:25 | Create | Villager (Male) |
| 13:26 | Create | Villager (Male) |
| 13:27 | Create | Villager (Male) |
| 13:45 | Build | Farm |
| 13:48 | Build | Farm |
| 14:00 | Build | Settlement |
| 14:12 | Build | Farm |
| 14:13 | Build | Farm |
| 14:15 | Build | Farm |
| 14:24 | Create | Villager (Male) |
| 14:57 | Build | Settlement |
| 15:23 | Research | Castle Age |
| 17:01 | Research | Double-Bit Axe |
| 17:08 | Research | Stone Mining |
| 18:00 | Create | Villager (Male) |
| 18:00 | Create | Villager (Male) |
| 18:01 | Create | Villager (Male) |
| 18:03 | Age | Castle Age |
| 18:40 | Build | Town Center |
| 18:45 | Create | Villager (Male) |
| 19:07 | Create | Villager (Male) |
| 19:19 | Create | Villager (Male) |
| 19:50 | Build | Town Center |
| 19:58 | Create | Villager (Male) |
| 20:07 | Build | Farm |
| 20:08 | Build | Farm |
| 20:09 | Build | Farm |
| 20:30 | Create | Villager (Male) |
| 20:30 | Create | Villager (Male) |
| 20:30 | Create | Villager (Male) |
| 20:31 | Create | Villager (Male) |
| 20:31 | Create | Villager (Male) |
| 20:45 | Create | Villager (Male) |
| 20:55 | Build | Farm |
| 20:57 | Build | Farm |
| 20:58 | Build | Farm |
| 20:59 | Build | Farm |
| 21:05 | Build | Farm |
| 21:08 | Build | Farm |
| 21:10 | Build | Farm |
| 21:17 | Create | Villager (Male) |
| 21:18 | Create | Villager (Male) |
| 21:18 | Create | Villager (Male) |
| 21:26 | Build | Farm |
| 21:33 | Build | Farm |
| 21:46 | Build | Farm |
| 21:47 | Build | Farm |
| 21:48 | Build | Farm |
| 21:52 | Create | Villager (Male) |
| 21:52 | Create | Villager (Male) |
| 21:53 | Create | Villager (Male) |
| 21:53 | Create | Villager (Male) |
| 22:00 | Create | Villager (Male) ×5 |
| 22:00 | Create | Villager (Male) ×5 |
| 22:09 | Build | Farm |
| 22:20 | Build | Farm |
| 22:21 | Build | Farm |
| 22:48 | Build | Farm |
| 23:00 | Build | House |
| 23:01 | Build | House |
| 23:02 | Build | House |
| 23:04 | Build | House |
| 23:14 | Build | Castle |
| 23:19 | Build | Farm |
| 23:27 | Build | Farm |
| 23:31 | Build | Farm |
| 23:42 | Build | Farm |
| 23:43 | Build | Farm |
| 23:48 | Create | Villager (Male) |
| 23:48 | Create | Villager (Male) ×5 |
| 23:48 | Create | Villager (Male) ×5 |
| 24:14 | Build | Farm |
| 24:20 | Build | Farm |
| 24:28 | Build | Farm |
| 24:33 | Create | Villager (Male) ×5 |
| 24:37 | Build | Farm |
| 24:56 | Build | Farm |
| 25:05 | Create | Villager (Male) ×5 |
| 25:09 | Research | Fletching |
| 25:10 | Research | Padded Archer Armor |
| 25:24 | Build | Farm |
| 25:36 | Create | Villager (Male) ×5 |
| 26:06 | Research | Horse Collar |
| 26:09 | Research | Bow Saw |
| 26:35 | Create | Unit 2579 |
| 26:35 | Create | Unit 2579 |
| 26:36 | Create | Unit 2579 |
| 26:36 | Create | Unit 2579 |
| 26:37 | Create | Unit 2579 |
| 26:57 | Create | Villager (Male) |
| 26:57 | Create | Villager (Male) |
| 26:57 | Create | Villager (Male) |
| 26:58 | Create | Villager (Male) |
| 26:58 | Create | Villager (Male) |
| 26:59 | Create | Villager (Male) |
| 27:05 | Research | Heavy Plow |
| 27:08 | Research | Gold Mining |
| 27:17 | Create | Unit 2579 |
| 27:54 | Create | Villager (Male) ×5 |
| 28:01 | Create | Unit 2579 |
| 28:01 | Create | Unit 2579 |
| 28:02 | Create | Unit 2579 |
| 28:44 | Create | Unit 2579 |
| 28:44 | Create | Unit 2579 |
| 28:48 | Create | Unit 2579 |
| 28:48 | Create | Unit 2579 |
| 29:13 | Create | Villager (Male) ×5 |
| 30:08 | Build | House |
| 30:10 | Build | House |
Build order — ELITEMARIO69
First 150 of 232 actions detected
| 0:10 | Build | House |
| 0:12 | Build | House |
| 0:14 | Build | House |
| 0:24 | Create | Villager (Male) |
| 0:24 | Research | Loom |
| 0:24 | Create | Villager (Male) |
| 0:25 | Create | Villager (Male) |
| 0:25 | Create | Villager (Male) |
| 2:19 | Create | Villager (Male) |
| 2:27 | Build | House |
| 2:56 | Create | Villager (Male) |
| 3:11 | Build | Mill |
| 3:16 | Create | Villager (Male) |
| 4:09 | Create | Villager (Male) |
| 4:11 | Create | Villager (Male) |
| 4:41 | Create | Villager (Male) |
| 5:11 | Build | Lumber Camp |
| 5:19 | Create | Villager (Male) |
| 5:35 | Create | Villager (Male) |
| 6:18 | Create | Villager (Male) |
| 6:18 | Create | Villager (Male) |
| 6:37 | Create | Villager (Male) |
| 7:33 | Create | Villager (Male) |
| 8:04 | Create | Villager (Male) |
| 8:04 | Create | Villager (Male) |
| 8:04 | Create | Villager (Male) |
| 9:04 | Create | Villager (Male) |
| 9:07 | Create | Villager (Male) |
| 9:55 | Create | Villager (Male) |
| 10:31 | Research | Feudal Age |
| 11:02 | Build | Mill |
| 11:12 | Build | House |
| 11:14 | Build | House |
| 11:15 | Build | House |
| 11:16 | Build | House |
| 11:18 | Build | House |
| 11:19 | Build | House |
| 11:27 | Create | Villager (Male) |
| 11:27 | Create | Villager (Male) |
| 11:28 | Create | Villager (Male) |
| 12:18 | Create | Villager (Male) |
| 13:34 | Build | Barracks |
| 13:46 | Create | Villager (Male) |
| 13:47 | Create | Villager (Male) |
| 13:47 | Create | Villager (Male) |
| 13:56 | Research | Horse Collar |
| 14:02 | Build | Farm |
| 14:03 | Build | Farm |
| 14:05 | Build | Farm |
| 14:07 | Build | Farm |
| 14:39 | Build | House |
| 14:40 | Build | House |
| 14:43 | Build | House |
| 14:44 | Build | House |
| 14:46 | Build | House |
| 14:47 | Build | House |
| 14:49 | Build | House |
| 14:51 | Build | House |
| 14:53 | Build | House |
| 14:54 | Build | House |
| 14:56 | Build | House |
| 15:00 | Create | Villager (Male) |
| 15:00 | Create | Villager (Male) |
| 15:14 | Build | Farm |
| 15:15 | Build | Farm |
| 15:43 | Build | Farm |
| 15:45 | Build | Farm |
| 16:44 | Build | Stable |
| 17:03 | Create | Villager (Male) |
| 17:22 | Build | Mining Camp |
| 18:01 | Build | Market |
| 18:36 | Build | Stable |
| 18:52 | Create | Villager (Male) |
| 19:19 | Research | Castle Age |
| 19:27 | Build | Blacksmith |
| 19:33 | Build | Blacksmith |
| 19:49 | Research | Bloodlines |
| 20:18 | Build | Stable |
| 20:41 | Create | Villager (Male) |
| 20:41 | Create | Villager (Male) |
| 20:42 | Create | Villager (Male) |
| 21:12 | Build | Mining Camp |
| 21:44 | Build | Archery Range |
| 22:15 | Create | Battle Elephant |
| 22:15 | Create | Battle Elephant |
| 22:49 | Build | Stable |
| 22:54 | Research | Husbandry |
| 23:03 | Create | Battle Elephant |
| 23:03 | Create | Battle Elephant |
| 23:38 | Create | Villager (Male) |
| 23:38 | Create | Villager (Male) |
| 23:39 | Create | Villager (Male) |
| 23:39 | Create | Villager (Male) |
| 23:40 | Create | Villager (Male) |
| 23:40 | Create | Villager (Male) |
| 23:46 | Research | Stone Mining |
| 23:56 | Build | Mining Camp |
| 24:11 | Build | Farm |
| 24:12 | Build | Farm |
| 24:12 | Build | Farm |
| 24:12 | Build | Farm |
| 24:12 | Build | Farm |
| 24:12 | Build | Farm |
| 24:13 | Build | Farm |
| 24:13 | Build | Farm |
| 24:13 | Build | Farm |
| 24:13 | Build | Farm |
| 24:32 | Create | Battle Elephant |
| 25:24 | Build | Town Center |
| 25:40 | Create | Battle Elephant |
| 25:41 | Create | Battle Elephant |
| 25:41 | Create | Battle Elephant |
| 25:41 | Create | Battle Elephant |
| 26:09 | Build | Farm |
| 26:10 | Build | Farm |
| 26:12 | Build | Farm |
| 26:13 | Build | Farm |
| 26:20 | Create | Villager (Male) |
| 26:21 | Create | Villager (Male) |
| 26:21 | Create | Villager (Male) |
| 26:21 | Create | Villager (Male) |
| 26:58 | Create | Battle Elephant |
| 26:58 | Create | Battle Elephant |
| 26:58 | Create | Battle Elephant |
| 28:07 | Research | Forging |
| 28:10 | Research | Scale Barding Armor |
| 28:46 | Build | Farm |
| 28:48 | Build | Farm |
| 28:50 | Build | Farm |
| 28:52 | Build | Farm |
| 29:45 | Build | Castle |
| 30:23 | Create | Villager (Male) |
| 30:23 | Create | Villager (Male) |
| 31:04 | Build | Mining Camp |
| 31:08 | Research | Manipur Cavalry |
| 31:16 | Research | Light Cavalry (upgrade) |
| 32:45 | Research | Imperial Age |
| 32:58 | Create | Villager (Male) |
| 32:58 | Create | Villager (Male) |
| 32:58 | Create | Villager (Male) |
| 32:58 | Create | Villager (Male) |
| 32:59 | Create | Villager (Male) |
| 32:59 | Create | Villager (Male) |
| 33:03 | Research | Wheelbarrow |
| 33:03 | Create | Villager (Male) |
| 33:03 | Create | Villager (Male) |
| 35:27 | Create | Villager (Male) |
| 35:28 | Create | Villager (Male) |
| 35:28 | Create | Villager (Male) |
| 35:28 | Create | Villager (Male) |
Build order — GroaningCoyote3
First 150 of 253 actions detected
| 0:12 | Build | House |
| 0:23 | Build | House |
| 0:32 | Research | Loom |
| 0:33 | Create | Villager (Male) |
| 0:33 | Create | Villager (Male) |
| 0:33 | Create | Villager (Male) |
| 0:33 | Create | Villager (Male) |
| 0:34 | Create | Villager (Male) |
| 0:34 | Create | Villager (Male) |
| 0:57 | Build | House |
| 1:02 | Build | House |
| 1:48 | Build | Mill |
| 2:43 | Create | Villager (Male) |
| 2:44 | Create | Villager (Male) |
| 3:50 | Create | Villager (Male) |
| 3:50 | Create | Villager (Male) |
| 3:51 | Create | Villager (Male) |
| 3:51 | Create | Villager (Male) |
| 4:46 | Create | Villager (Male) |
| 4:46 | Create | Villager (Male) |
| 4:47 | Create | Villager (Male) |
| 5:06 | Create | Villager (Male) |
| 5:07 | Create | Villager (Male) |
| 6:04 | Create | Villager (Male) |
| 6:04 | Create | Villager (Male) |
| 6:04 | Create | Villager (Male) |
| 6:19 | Build | Lumber Camp |
| 6:38 | Create | Villager (Male) |
| 6:38 | Create | Villager (Male) |
| 6:38 | Create | Villager (Male) |
| 6:46 | Build | House |
| 8:14 | Build | House |
| 8:20 | Build | House |
| 9:21 | Build | Mining Camp |
| 9:55 | Research | Feudal Age |
| 10:17 | Build | Barracks |
| 11:32 | Build | House |
| 11:36 | Build | House |
| 11:42 | Build | House |
| 12:12 | Create | Militia |
| 12:13 | Create | Militia |
| 12:13 | Create | Militia |
| 12:14 | Create | Militia |
| 12:14 | Create | Militia |
| 12:14 | Create | Militia |
| 12:14 | Create | Militia |
| 12:15 | Create | Militia |
| 12:59 | Build | Mill |
| 13:04 | Create | Villager (Male) |
| 13:05 | Create | Villager (Male) |
| 13:05 | Create | Villager (Male) |
| 13:05 | Create | Villager (Male) |
| 13:05 | Create | Villager (Male) |
| 13:24 | Build | Stone Wall |
| 13:48 | Create | Villager (Male) |
| 14:14 | Build | Stone Wall |
| 14:30 | Build | Farm |
| 14:35 | Build | Farm |
| 14:42 | Build | Farm |
| 14:45 | Create | Villager (Male) |
| 14:45 | Create | Villager (Male) |
| 15:11 | Build | Stone Wall |
| 15:34 | Build | Stone Wall |
| 15:45 | Research | Wheelbarrow |
| 15:48 | Create | Villager (Male) |
| 15:48 | Create | Villager (Male) |
| 15:59 | Build | Farm |
| 16:06 | Build | Farm |
| 16:17 | Research | Double-Bit Axe |
| 16:31 | Build | Stone Wall |
| 16:47 | Build | Farm |
| 16:52 | Build | Farm |
| 16:58 | Build | Farm |
| 17:02 | Build | Farm |
| 17:05 | Research | Horse Collar |
| 17:19 | Build | Gate |
| 18:02 | Build | Market |
| 18:16 | Build | Farm |
| 18:20 | Build | Farm |
| 18:25 | Build | Farm |
| 18:50 | Build | Stable |
| 20:01 | Create | Militia |
| 20:01 | Create | Militia |
| 20:26 | Build | Gate |
| 20:33 | Research | Castle Age |
| 20:43 | Build | Mining Camp |
| 20:47 | Research | Gold Mining |
| 20:56 | Research | Arson |
| 20:57 | Create | Spearman |
| 20:58 | Create | Spearman |
| 20:58 | Create | Spearman |
| 20:58 | Create | Spearman |
| 20:58 | Create | Spearman |
| 22:03 | Build | House |
| 22:08 | Build | House |
| 22:13 | Build | House |
| 23:22 | Build | Town Center |
| 23:30 | Create | Villager (Male) |
| 23:30 | Create | Villager (Male) |
| 23:30 | Create | Villager (Male) |
| 23:31 | Create | Villager (Male) |
| 23:31 | Create | Villager (Male) |
| 23:52 | Build | Blacksmith |
| 23:57 | Research | Bow Saw |
| 24:03 | Research | Town Watch |
| 24:09 | Research | Squires |
| 24:28 | Research | Stone Mining |
| 24:45 | Create | Villager (Male) |
| 24:45 | Create | Villager (Male) |
| 24:46 | Create | Villager (Male) |
| 24:46 | Create | Villager (Male) |
| 24:46 | Create | Villager (Male) |
| 24:46 | Create | Villager (Male) |
| 24:47 | Create | Villager (Male) |
| 24:47 | Create | Villager (Male) |
| 25:09 | Create | Spearman |
| 25:09 | Create | Spearman |
| 25:23 | Build | House |
| 25:34 | Create | Villager (Male) |
| 25:35 | Create | Villager (Male) |
| 25:51 | Create | Villager (Male) |
| 25:51 | Create | Villager (Male) |
| 26:15 | Build | Farm |
| 26:20 | Build | Farm |
| 26:28 | Build | Farm |
| 26:31 | Create | Villager (Male) |
| 26:31 | Create | Villager (Male) |
| 26:31 | Create | Villager (Male) |
| 26:37 | Create | Villager (Male) |
| 27:04 | Create | Villager (Male) |
| 27:04 | Create | Villager (Male) |
| 27:19 | Build | Farm |
| 27:27 | Create | Villager (Male) |
| 27:27 | Create | Villager (Male) |
| 27:28 | Create | Villager (Male) |
| 27:34 | Create | Villager (Male) |
| 27:34 | Create | Villager (Male) |
| 28:40 | Research | Stone Shaft Mining |
| 28:43 | Research | Gold Shaft Mining |
| 29:16 | Build | Castle |
| 29:34 | Build | Stone Wall |
| 29:55 | Build | Barracks |
| 30:03 | Research | Pikeman (upgrade) |
| 30:03 | Create | Spearman |
| 30:04 | Create | Spearman |
| 30:04 | Create | Spearman |
| 30:04 | Create | Spearman |
| 30:05 | Create | Spearman |
| 30:05 | Create | Spearman |
| 30:05 | Create | Spearman |
Build order — humpreymcbuilderzzs
First 150 of 232 actions detected
| 0:03 | Create | Villager (Male) |
| 0:03 | Create | Villager (Male) |
| 0:03 | Create | Villager (Male) |
| 0:06 | Build | House |
| 0:10 | Build | House |
| 0:12 | Build | House |
| 0:13 | Build | House |
| 0:47 | Research | Loom |
| 5:25 | Create | Villager (Male) |
| 5:26 | Create | Villager (Male) |
| 5:26 | Create | Villager (Male) |
| 5:33 | Create | Villager (Male) |
| 5:34 | Create | Villager (Male) |
| 5:34 | Create | Villager (Male) |
| 5:34 | Create | Villager (Male) |
| 5:34 | Create | Villager (Male) |
| 7:42 | Create | Villager (Male) |
| 7:42 | Create | Villager (Male) |
| 7:43 | Create | Villager (Male) |
| 7:43 | Create | Villager (Male) |
| 7:43 | Create | Villager (Male) |
| 7:47 | Create | Villager (Male) |
| 8:05 | Create | Villager (Male) |
| 8:05 | Create | Villager (Male) |
| 9:49 | Build | Lumber Camp |
| 9:55 | Build | Mining Camp |
| 10:00 | Build | Mining Camp |
| 10:08 | Create | Villager (Male) |
| 10:08 | Create | Villager (Male) |
| 11:14 | Create | Villager (Male) |
| 11:14 | Create | Villager (Male) |
| 11:15 | Create | Villager (Male) |
| 11:44 | Create | Villager (Male) |
| 11:44 | Create | Villager (Male) |
| 11:44 | Create | Villager (Male) |
| 12:01 | Build | Mill |
| 14:00 | Create | Villager (Male) |
| 14:05 | Build | House |
| 14:08 | Build | House |
| 14:13 | Build | House |
| 14:15 | Build | House |
| 14:19 | Build | House |
| 14:20 | Build | House |
| 14:22 | Create | Villager (Male) |
| 14:23 | Create | Villager (Male) |
| 14:28 | Build | House |
| 14:29 | Build | House |
| 14:35 | Build | House |
| 14:36 | Build | House |
| 14:38 | Create | Villager (Male) |
| 14:39 | Create | Villager (Male) |
| 15:26 | Create | Villager (Male) |
| 15:26 | Create | Villager (Male) |
| 15:46 | Create | Villager (Male) |
| 16:08 | Build | Farm |
| 16:08 | Build | Farm |
| 16:08 | Build | Farm |
| 16:09 | Build | Farm |
| 16:10 | Build | Farm |
| 16:12 | Create | Villager (Male) |
| 16:21 | Build | House |
| 16:22 | Build | House |
| 16:23 | Create | Villager (Male) |
| 16:24 | Create | Villager (Male) |
| 19:47 | Create | Villager (Male) |
| 19:47 | Create | Villager (Male) |
| 19:48 | Research | Feudal Age |
| 19:52 | Create | Villager (Male) |
| 19:52 | Create | Villager (Male) |
| 19:52 | Create | Villager (Male) |
| 19:52 | Create | Villager (Male) |
| 20:34 | Build | Farm |
| 20:38 | Build | Farm |
| 20:38 | Build | Farm |
| 20:42 | Build | Farm |
| 20:42 | Build | Farm |
| 20:42 | Build | Farm |
| 20:43 | Build | Farm |
| 20:43 | Build | Farm |
| 20:45 | Create | Villager (Male) |
| 22:02 | Age | Feudal Age |
| 22:10 | Research | Wheelbarrow |
| 22:12 | Research | Double-Bit Axe |
| 22:16 | Research | Gold Mining |
| 22:16 | Research | Stone Mining |
| 22:19 | Research | Horse Collar |
| 22:22 | Create | Villager (Male) |
| 22:22 | Create | Villager (Male) |
| 22:48 | Build | House |
| 22:52 | Build | Palisade Wall |
| 22:55 | Build | House |
| 22:56 | Build | House |
| 23:01 | Build | House |
| 23:01 | Build | House |
| 23:02 | Build | House |
| 23:04 | Build | House |
| 23:05 | Build | House |
| 23:07 | Build | House |
| 23:09 | Build | House |
| 23:10 | Build | House |
| 23:13 | Build | House |
| 23:23 | Build | Lumber Camp |
| 23:29 | Build | Lumber Camp |
| 23:31 | Create | Villager (Male) |
| 23:42 | Build | Gate |
| 23:44 | Build | Gate |
| 23:47 | Create | Villager (Male) |
| 23:47 | Create | Villager (Male) |
| 23:53 | Build | Mill |
| 23:57 | Build | Farm |
| 23:57 | Build | Farm |
| 23:59 | Build | Farm |
| 24:04 | Build | Farm |
| 25:44 | Create | Villager (Male) |
| 25:44 | Create | Villager (Male) |
| 25:48 | Build | Farm |
| 25:50 | Build | Farm |
| 25:50 | Build | Farm |
| 25:51 | Build | Farm |
| 26:08 | Build | Stone Wall |
| 26:10 | Build | Stone Wall |
| 26:12 | Build | Stone Wall |
| 26:12 | Build | Stone Wall |
| 26:13 | Build | Stone Wall |
| 26:13 | Build | Stone Wall |
| 26:16 | Build | Stone Wall |
| 26:16 | Build | Stone Wall |
| 26:17 | Build | Stone Wall |
| 26:17 | Build | Stone Wall |
| 26:17 | Build | Stone Wall |
| 26:17 | Build | Stone Wall |
| 26:18 | Build | Stone Wall |
| 26:18 | Build | Stone Wall |
| 26:19 | Build | Stone Wall |
| 26:19 | Build | Stone Wall |
| 26:19 | Build | Stone Wall |
| 26:20 | Build | Stone Wall |
| 26:20 | Build | Stone Wall |
| 26:20 | Build | Stone Wall |
| 26:20 | Build | Stone Wall |
| 26:20 | Build | Stone Wall |
| 26:21 | Build | Stone Wall |
| 26:21 | Build | Stone Wall |
| 26:21 | Build | Stone Wall |
| 26:22 | Build | Gate |
| 26:24 | Create | Villager (Male) |
| 26:24 | Create | Villager (Male) |
| 26:38 | Build | Market |
| 26:42 | Build | Blacksmith |
| 26:48 | Create | Villager (Male) |
Build order — RicardoIsma02
First 150 of 253 actions detected
| 0:14 | Build | House |
| 0:16 | Build | House |
| 0:18 | Build | House |
| 0:19 | Build | House |
| 0:26 | Create | Villager (Male) |
| 0:26 | Create | Villager (Male) |
| 0:27 | Create | Villager (Male) |
| 0:27 | Create | Villager (Male) |
| 1:57 | Research | Loom |
| 2:01 | Create | Villager (Male) |
| 2:29 | Build | Lumber Camp |
| 2:35 | Create | Villager (Male) |
| 3:05 | Create | Villager (Male) |
| 3:13 | Create | Villager (Male) |
| 3:39 | Create | Villager (Male) |
| 4:29 | Create | Villager (Male) |
| 4:31 | Create | Villager (Male) |
| 5:25 | Create | Villager (Male) |
| 5:27 | Create | Villager (Male) |
| 5:48 | Build | Mill |
| 7:39 | Research | Loom |
| 7:50 | Build | Farm |
| 8:26 | Research | Feudal Age |
| 8:29 | Create | Villager (Male) |
| 8:30 | Create | Villager (Male) |
| 8:39 | Build | Farm |
| 8:43 | Build | Farm |
| 9:00 | Create | Villager (Male) |
| 9:01 | Create | Villager (Male) |
| 9:32 | Build | House |
| 9:38 | Build | House |
| 9:39 | Build | House |
| 10:10 | Build | Farm |
| 10:36 | Age | Feudal Age |
| 10:54 | Build | Watch Tower |
| 11:06 | Create | Villager (Male) |
| 11:07 | Create | Villager (Male) |
| 11:07 | Create | Villager (Male) |
| 11:07 | Create | Villager (Male) |
| 11:08 | Create | Villager (Male) |
| 11:08 | Create | Villager (Male) |
| 11:09 | Create | Villager (Male) |
| 11:31 | Build | Farm |
| 12:01 | Create | Villager (Male) |
| 12:01 | Create | Villager (Male) |
| 12:28 | Build | Mining Camp |
| 13:05 | Build | Farm |
| 13:38 | Build | Farm |
| 13:47 | Create | Villager (Male) |
| 13:48 | Create | Villager (Male) |
| 13:59 | Research | Double-Bit Axe |
| 14:03 | Create | Villager (Male) |
| 14:03 | Create | Villager (Male) |
| 14:04 | Create | Villager (Male) |
| 14:04 | Create | Villager (Male) |
| 14:05 | Create | Villager (Male) |
| 14:39 | Research | Horse Collar |
| 15:13 | Build | Mining Camp |
| 15:19 | Create | Villager (Male) |
| 15:19 | Create | Villager (Male) |
| 15:54 | Build | Market |
| 16:31 | Build | Blacksmith |
| 16:48 | Build | Farm |
| 17:19 | Build | Farm |
| 17:33 | Research | Castle Age |
| 17:42 | Create | Villager (Male) |
| 17:43 | Create | Villager (Male) |
| 17:43 | Create | Villager (Male) |
| 17:43 | Create | Villager (Male) |
| 17:43 | Create | Villager (Male) |
| 17:49 | Build | Farm |
| 18:10 | Build | Farm |
| 18:20 | Build | Farm |
| 18:26 | Build | House |
| 18:27 | Build | House |
| 18:29 | Build | House |
| 18:54 | Research | Gold Mining |
| 18:54 | Research | Stone Mining |
| 18:57 | Research | Stone Mining |
| 19:07 | Build | House |
| 20:11 | Build | Barracks |
| 20:22 | Age | Castle Age |
| 20:29 | Create | Villager (Male) |
| 20:29 | Create | Villager (Male) |
| 20:30 | Create | Villager (Male) |
| 20:30 | Create | Villager (Male) |
| 20:31 | Create | Villager (Male) |
| 20:56 | Build | Barracks |
| 21:48 | Build | Town Center |
| 21:56 | Research | Pikeman (upgrade) |
| 22:01 | Create | Spearman |
| 22:01 | Create | Spearman |
| 22:01 | Create | Spearman |
| 22:20 | Create | Villager (Male) |
| 22:21 | Create | Villager (Male) |
| 22:42 | Build | House |
| 22:43 | Build | House |
| 23:01 | Create | Spearman |
| 23:01 | Create | Spearman |
| 23:01 | Create | Spearman |
| 23:02 | Create | Spearman |
| 23:43 | Create | Villager (Male) |
| 23:43 | Create | Villager (Male) |
| 23:43 | Create | Villager (Male) |
| 23:44 | Create | Villager (Male) |
| 23:44 | Create | Villager (Male) |
| 23:44 | Create | Villager (Male) |
| 23:45 | Create | Villager (Male) |
| 23:49 | Create | Villager (Male) |
| 23:50 | Create | Villager (Male) |
| 23:52 | Create | Villager (Male) |
| 23:52 | Create | Villager (Male) |
| 24:06 | Build | Mining Camp |
| 24:18 | Build | Mining Camp |
| 24:44 | Create | Trade Cart |
| 25:05 | Create | Spearman |
| 25:05 | Create | Spearman |
| 25:06 | Create | Spearman |
| 25:06 | Create | Spearman |
| 25:06 | Create | Spearman |
| 25:08 | Create | Spearman |
| 25:16 | Create | Villager (Male) |
| 25:16 | Create | Villager (Male) |
| 25:25 | Create | Villager (Male) |
| 25:47 | Build | Farm |
| 25:48 | Build | Farm |
| 25:50 | Build | Farm |
| 25:58 | Build | Farm |
| 26:05 | Build | Farm |
| 26:24 | Build | Farm |
| 26:35 | Build | Farm |
| 27:19 | Research | Heavy Plow |
| 27:23 | Create | Trade Cart |
| 27:30 | Create | Villager (Male) |
| 27:30 | Create | Villager (Male) |
| 27:31 | Create | Villager (Male) |
| 27:32 | Create | Villager (Male) |
| 27:35 | Create | Villager (Male) |
| 27:35 | Create | Villager (Male) |
| 27:36 | Create | Villager (Male) |
| 28:15 | Build | Mining Camp |
| 28:35 | Build | Castle |
| 29:11 | Build | Town Center |
| 30:12 | Research | Imperial Age |
| 30:25 | Build | University |
| 30:32 | Build | Monastery |
| 30:45 | Create | Villager (Male) |
| 30:45 | Create | Villager (Male) |
| 30:45 | Create | Villager (Male) |
| 30:46 | Create | Villager (Male) |
Build order — ッ
First 150 of 234 actions detected
| 0:02 | Create | Villager (Male) ×4 |
| 0:03 | Build | House |
| 0:06 | Build | House |
| 0:09 | Build | House |
| 0:14 | Build | House |
| 1:34 | Create | Villager (Male) |
| 2:16 | Create | Villager (Male) ×2 |
| 3:22 | Create | Villager (Male) |
| 3:23 | Create | Villager (Male) |
| 3:23 | Create | Villager (Male) |
| 3:35 | Build | Lumber Camp |
| 4:38 | Create | Villager (Male) |
| 4:38 | Create | Villager (Male) |
| 4:39 | Create | Villager (Male) |
| 4:39 | Create | Villager (Male) |
| 5:43 | Create | Villager (Male) ×2 |
| 5:52 | Create | Villager (Male) |
| 5:55 | Create | Villager (Male) |
| 5:56 | Create | Villager (Male) |
| 6:59 | Build | Mill |
| 7:34 | Create | Villager (Male) |
| 7:55 | Create | Villager (Male) |
| 8:21 | Create | Villager (Male) |
| 8:49 | Build | Mining Camp |
| 9:06 | Research | Feudal Age |
| 9:35 | Create | Villager (Male) |
| 9:37 | Research | Loom |
| 10:42 | Build | Lumber Camp |
| 11:16 | Age | Feudal Age |
| 11:20 | Research | Double-Bit Axe |
| 11:27 | Build | Blacksmith |
| 12:06 | Build | House |
| 12:28 | Build | Lumber Camp |
| 12:31 | Research | Wheelbarrow |
| 12:36 | Create | Villager (Male) |
| 12:58 | Build | Barracks |
| 13:01 | Create | Villager (Male) |
| 13:11 | Build | Market |
| 13:31 | Create | Villager (Male) |
| 14:04 | Build | Stable |
| 14:07 | Create | Villager (Male) |
| 14:13 | Create | Villager (Male) |
| 14:19 | Research | Horse Collar |
| 14:28 | Build | Farm |
| 14:29 | Build | Farm |
| 14:29 | Build | Farm |
| 14:29 | Build | Farm |
| 14:30 | Build | Farm |
| 14:30 | Build | Farm |
| 14:30 | Build | Farm |
| 14:37 | Build | Farm |
| 14:56 | Build | Farm |
| 15:02 | Build | Farm |
| 15:12 | Create | Villager (Male) |
| 15:24 | Build | House |
| 15:34 | Build | Gate |
| 15:38 | Build | House |
| 15:41 | Build | House |
| 15:43 | Build | House |
| 15:46 | Build | House |
| 15:55 | Build | House |
| 15:56 | Build | House |
| 16:03 | Build | Farm |
| 16:03 | Build | Farm |
| 16:04 | Build | Farm |
| 16:04 | Build | Farm |
| 16:04 | Build | Farm |
| 16:04 | Build | Farm |
| 16:31 | Research | Castle Age |
| 16:31 | Research | Castle Age |
| 17:03 | Build | Gate |
| 17:10 | Build | Archery Range |
| 17:13 | Build | House |
| 17:16 | Build | House |
| 17:18 | Build | House |
| 17:22 | Build | House |
| 17:26 | Build | House |
| 17:29 | Build | House |
| 17:37 | Build | House |
| 17:41 | Build | House |
| 17:45 | Build | House |
| 17:49 | Build | House |
| 17:51 | Build | House |
| 17:52 | Build | House |
| 18:00 | Create | Villager (Male) |
| 18:08 | Create | Trade Cart |
| 18:09 | Create | Trade Cart |
| 19:11 | Age | Castle Age |
| 19:56 | Create | Villager (Male) |
| 20:12 | Create | Villager (Male) |
| 20:35 | Build | Town Center |
| 20:47 | Research | Scale Barding Armor |
| 20:47 | Research | Forging |
| 20:49 | Create | Villager (Male) |
| 20:50 | Create | Villager (Male) |
| 20:59 | Build | Monastery |
| 21:03 | Build | Monastery |
| 21:09 | Build | Monastery |
| 21:17 | Create | Villager (Male) |
| 21:17 | Create | Villager (Male) |
| 21:35 | Build | Siege Workshop |
| 21:39 | Create | Villager (Male) |
| 21:39 | Create | Villager (Male) |
| 22:08 | Research | Chain Barding Armor |
| 22:10 | Create | Monk ×5 |
| 22:53 | Create | Monk |
| 22:54 | Create | Monk |
| 22:58 | Research | Fervor |
| 24:15 | Build | Farm |
| 24:17 | Research | Heavy Plow |
| 24:19 | Create | Villager (Male) ×3 |
| 24:32 | Research | Sanctity |
| 24:39 | Create | Knight |
| 24:39 | Create | Knight |
| 24:55 | Build | Mining Camp |
| 25:03 | Build | Archery Range |
| 25:10 | Create | Villager (Male) |
| 25:11 | Create | Villager (Male) |
| 25:20 | Create | Villager (Male) |
| 25:20 | Create | Villager (Male) |
| 26:58 | Research | Wheelbarrow |
| 27:00 | Research | Town Watch |
| 27:34 | Build | Mill |
| 27:36 | Build | Farm |
| 27:36 | Build | Farm |
| 27:36 | Build | Farm |
| 27:37 | Build | Farm |
| 27:37 | Build | Farm |
| 27:38 | Build | Farm |
| 27:38 | Build | Farm |
| 27:38 | Build | Farm |
| 27:38 | Build | Farm |
| 27:39 | Build | Farm |
| 27:39 | Build | Farm |
| 27:39 | Build | Farm |
| 27:39 | Build | Farm |
| 27:40 | Build | Farm |
| 27:40 | Build | Farm |
| 27:40 | Build | Farm |
| 27:40 | Build | Farm |
| 27:41 | Build | Farm |
| 27:41 | Build | Farm |
| 27:41 | Build | Farm |
| 27:41 | Build | Farm |
| 27:42 | Build | Farm |
| 27:42 | Build | Farm |
| 27:42 | Build | Farm |
| 27:43 | Build | Farm |
| 27:43 | Build | Farm |
| 27:43 | Build | Farm |
Build order — Hydarnis
First 150 of 211 actions detected
| 0:07 | Build | House |
| 0:08 | Build | House |
| 0:08 | Build | House |
| 0:09 | Create | Villager (Male) |
| 0:10 | Research | Loom |
| 0:10 | Create | Villager (Male) |
| 0:10 | Create | Villager (Male) |
| 0:11 | Create | Villager (Male) |
| 0:11 | Create | Villager (Male) |
| 0:11 | Create | Villager (Male) |
| 0:37 | Research | Loom |
| 0:48 | Build | Lumber Camp |
| 2:32 | Create | Villager (Male) |
| 2:32 | Create | Villager (Male) |
| 2:32 | Create | Villager (Male) |
| 3:25 | Create | Villager (Male) |
| 3:26 | Create | Villager (Male) |
| 3:26 | Create | Villager (Male) |
| 4:08 | Create | Villager (Male) |
| 4:16 | Create | Villager (Male) |
| 4:39 | Create | Villager (Male) |
| 4:39 | Create | Villager (Male) |
| 5:51 | Create | Villager (Male) |
| 6:31 | Build | Mill |
| 7:11 | Create | Villager (Male) |
| 7:12 | Create | Villager (Male) |
| 7:12 | Create | Villager (Male) |
| 7:12 | Create | Villager (Male) |
| 9:02 | Build | Barracks |
| 9:04 | Research | Feudal Age |
| 9:10 | Create | Villager (Male) |
| 9:10 | Create | Villager (Male) |
| 11:14 | Age | Feudal Age |
| 11:29 | Build | Mining Camp |
| 11:44 | Build | House |
| 11:48 | Build | House |
| 11:57 | Research | Wheelbarrow |
| 13:53 | Create | Villager (Male) |
| 13:53 | Create | Villager (Male) |
| 13:54 | Create | Villager (Male) |
| 13:54 | Create | Villager (Male) |
| 14:05 | Build | Market |
| 14:19 | Build | Blacksmith |
| 15:45 | Create | Villager (Male) |
| 15:45 | Create | Villager (Male) |
| 16:00 | Build | Archery Range |
| 16:26 | Build | Farm |
| 18:05 | Build | Mining Camp |
| 18:17 | Build | Mining Camp |
| 18:22 | Research | Castle Age |
| 19:55 | Build | Farm |
| 19:57 | Build | Farm |
| 19:58 | Build | Farm |
| 20:00 | Build | Farm |
| 20:16 | Build | Farm |
| 21:02 | Age | Castle Age |
| 21:45 | Create | Villager (Male) |
| 21:46 | Create | Villager (Male) |
| 21:46 | Create | Villager (Male) |
| 22:02 | Build | Town Center |
| 22:13 | Research | Crossbowman (upgrade) |
| 23:02 | Build | House |
| 23:03 | Build | House |
| 23:11 | Create | Villager (Male) |
| 23:11 | Create | Villager (Male) |
| 23:11 | Create | Villager (Male) |
| 23:18 | Create | Archer |
| 23:18 | Create | Archer |
| 23:23 | Create | Villager (Male) |
| 23:23 | Create | Villager (Male) |
| 23:24 | Create | Villager (Male) |
| 23:24 | Create | Villager (Male) |
| 23:39 | Create | Villager (Male) |
| 23:42 | Research | Double-Bit Axe |
| 23:46 | Create | Villager (Male) |
| 23:51 | Research | Horse Collar |
| 23:56 | Create | Archer |
| 23:57 | Create | Archer |
| 23:57 | Create | Archer |
| 23:57 | Create | Archer |
| 23:58 | Create | Archer |
| 24:17 | Build | Farm |
| 24:19 | Create | Villager (Male) |
| 24:20 | Create | Villager (Male) |
| 24:20 | Create | Villager (Male) |
| 24:21 | Create | Villager (Male) |
| 24:21 | Create | Villager (Male) |
| 24:33 | Build | Farm |
| 25:00 | Build | Farm |
| 25:05 | Research | Fletching |
| 25:15 | Create | Archer |
| 25:15 | Create | Archer |
| 25:15 | Create | Archer |
| 26:02 | Build | House |
| 26:03 | Build | House |
| 26:04 | Build | House |
| 26:05 | Build | House |
| 26:21 | Research | Wheelbarrow |
| 27:21 | Create | Trade Cart |
| 27:21 | Create | Trade Cart |
| 27:50 | Create | Villager (Male) |
| 27:50 | Create | Villager (Male) |
| 27:51 | Create | Villager (Male) |
| 27:51 | Create | Villager (Male) |
| 27:51 | Create | Villager (Male) |
| 28:14 | Research | Heavy Plow |
| 28:16 | Create | Villager (Male) |
| 28:16 | Create | Villager (Male) |
| 28:16 | Create | Villager (Male) |
| 28:17 | Create | Villager (Male) |
| 28:19 | Research | Bow Saw |
| 29:01 | Build | Castle |
| 29:04 | Build | Mining Camp |
| 29:51 | Research | Hand Cart |
| 30:29 | Build | House |
| 30:31 | Build | House |
| 30:33 | Build | House |
| 30:35 | Build | House |
| 30:43 | Create | Villager (Male) |
| 31:41 | Build | Castle |
| 32:06 | Build | University |
| 32:12 | Build | Monastery |
| 32:36 | Research | Gold Mining |
| 32:38 | Research | Thumb Ring |
| 32:51 | Research | Imperial Age |
| 34:30 | Build | Archery Range |
| 34:36 | Build | Barracks |
| 34:39 | Build | Barracks |
| 35:03 | Research | Bodkin Arrow |
| 35:05 | Research | Forging |
| 35:07 | Research | Ballistics |
| 35:38 | Research | Caravan |
| 35:38 | Create | Trade Cart |
| 35:39 | Create | Trade Cart |
| 35:46 | Create | Villager (Male) |
| 35:52 | Build | Farm |
| 35:53 | Build | Farm |
| 35:59 | Create | Villager (Male) |
| 35:59 | Create | Villager (Male) |
| 36:01 | Age | Imperial Age |
| 36:14 | Research | Gambesons |
| 36:56 | Research | Squires |
| 37:07 | Create | Villager (Male) |
| 37:07 | Create | Villager (Male) |
| 37:07 | Create | Villager (Male) |
| 37:11 | Build | Farm |
| 37:12 | Build | Farm |
| 37:14 | Build | Farm |
| 37:15 | Build | Farm |
| 37:16 | Build | Farm |
Build order — TORRES
First 150 of 249 actions detected
| 0:06 | Build | House |
| 0:42 | Create | Villager (Male) |
| 0:42 | Create | Villager (Male) |
| 0:43 | Create | Villager (Male) |
| 0:43 | Create | Villager (Male) |
| 1:42 | Create | Villager (Male) |
| 1:42 | Create | Villager (Male) |
| 2:16 | Build | House |
| 2:17 | Build | House |
| 2:19 | Build | House |
| 2:23 | Create | Villager (Male) |
| 2:48 | Create | Villager (Male) |
| 2:49 | Create | Villager (Male) |
| 2:49 | Create | Villager (Male) |
| 3:29 | Build | House |
| 3:34 | Create | Villager (Male) |
| 3:34 | Create | Villager (Male) |
| 3:35 | Create | Villager (Male) |
| 4:03 | Create | Villager (Male) |
| 4:03 | Create | Villager (Male) |
| 4:34 | Create | Villager (Male) |
| 4:34 | Create | Villager (Male) |
| 4:34 | Create | Villager (Male) |
| 4:40 | Create | Villager (Male) |
| 4:40 | Create | Villager (Male) |
| 5:06 | Create | Villager (Male) |
| 5:06 | Create | Villager (Male) |
| 5:24 | Create | Villager (Male) |
| 5:24 | Create | Villager (Male) |
| 5:36 | Create | Villager (Male) |
| 5:37 | Create | Villager (Male) |
| 5:52 | Build | Lumber Camp |
| 6:13 | Create | Villager (Male) |
| 6:13 | Create | Villager (Male) |
| 6:13 | Create | Villager (Male) |
| 6:13 | Create | Villager (Male) |
| 7:17 | Build | Mill |
| 7:55 | Create | Villager (Male) |
| 7:55 | Create | Villager (Male) |
| 7:56 | Create | Villager (Male) |
| 8:11 | Create | Villager (Male) |
| 8:11 | Create | Villager (Male) |
| 8:12 | Create | Villager (Male) |
| 8:12 | Create | Villager (Male) |
| 8:39 | Create | Villager (Male) |
| 8:39 | Create | Villager (Male) |
| 9:09 | Create | Villager (Male) |
| 10:12 | Build | Mill |
| 10:29 | Build | Farm |
| 10:30 | Build | Farm |
| 10:32 | Build | Farm |
| 10:33 | Build | Farm |
| 10:34 | Build | Farm |
| 10:36 | Build | Farm |
| 11:04 | Build | Farm |
| 11:11 | Create | Villager (Male) |
| 11:29 | Create | Villager (Male) |
| 11:42 | Build | House |
| 11:43 | Build | House |
| 11:44 | Build | House |
| 11:46 | Build | House |
| 11:47 | Build | House |
| 11:58 | Build | Farm |
| 12:11 | Build | Farm |
| 12:14 | Research | Feudal Age |
| 13:14 | Build | House |
| 13:15 | Build | House |
| 13:16 | Build | House |
| 13:17 | Build | House |
| 13:18 | Build | House |
| 13:19 | Build | House |
| 13:20 | Build | House |
| 13:31 | Create | Villager (Male) |
| 13:32 | Create | Villager (Male) |
| 13:32 | Create | Villager (Male) |
| 13:50 | Create | Villager (Male) |
| 14:24 | Age | Feudal Age |
| 14:32 | Build | Barracks |
| 15:07 | Build | Mining Camp |
| 15:11 | Create | Villager (Male) |
| 15:12 | Create | Villager (Male) |
| 15:43 | Build | Mining Camp |
| 15:59 | Build | Farm |
| 16:03 | Create | Villager (Male) |
| 16:03 | Create | Villager (Male) |
| 16:07 | Research | Double-Bit Axe |
| 16:14 | Build | Farm |
| 16:23 | Research | Stone Mining |
| 16:27 | Research | Gold Mining |
| 16:31 | Create | Spearman |
| 16:31 | Create | Spearman |
| 16:37 | Build | Farm |
| 16:52 | Build | Watch Tower |
| 17:08 | Build | Archery Range |
| 17:25 | Build | Farm |
| 17:29 | Build | Farm |
| 17:33 | Build | Farm |
| 18:12 | Build | Market |
| 18:28 | Create | Archer |
| 18:28 | Create | Archer |
| 18:48 | Create | Archer |
| 19:49 | Build | Lumber Camp |
| 20:30 | Research | Castle Age |
| 20:32 | Create | Villager (Male) |
| 20:32 | Create | Villager (Male) |
| 20:32 | Create | Villager (Male) |
| 20:38 | Create | Spearman ×5 |
| 20:41 | Create | Skirmisher ×5 |
| 20:42 | Create | Skirmisher ×5 |
| 20:42 | Create | Skirmisher ×5 |
| 20:53 | Create | Spearman |
| 20:53 | Create | Spearman |
| 20:54 | Research | Arson |
| 22:51 | Build | Mill |
| 23:10 | Age | Castle Age |
| 23:20 | Create | Villager (Male) |
| 23:21 | Create | Villager (Male) |
| 23:25 | Research | Bow Saw |
| 23:47 | Build | Town Center |
| 24:19 | Build | Monastery |
| 24:44 | Build | Castle |
| 25:00 | Build | Farm |
| 25:15 | Create | Monk |
| 25:30 | Build | Farm |
| 25:34 | Create | Villager (Male) ×5 |
| 25:35 | Create | Villager (Male) ×5 |
| 25:40 | Research | Wheelbarrow |
| 25:41 | Create | Villager (Male) ×5 |
| 25:52 | Build | Barracks |
| 26:06 | Research | Pikeman (upgrade) |
| 26:07 | Research | Squires |
| 26:09 | Create | Spearman |
| 26:09 | Create | Spearman |
| 26:15 | Research | Elite Skirmisher (upgrade) |
| 26:16 | Create | Skirmisher |
| 26:29 | Create | Petard |
| 26:29 | Create | Petard |
| 26:46 | Create | Villager (Male) ×5 |
| 26:54 | Build | Farm |
| 26:55 | Build | Farm |
| 26:57 | Build | Farm |
| 26:59 | Build | Farm |
| 27:01 | Build | Farm |
| 27:18 | Create | Petard |
| 28:06 | Create | Petard |
| 28:06 | Create | Petard |
| 28:46 | Build | Farm |
| 28:52 | Build | Farm |
| 28:56 | Research | Hand Cart |
| 28:57 | Create | Villager (Male) ×5 |
Match timeline
| 9:02 | Hydarnis · first_building Barracks |
| 10:17 | GroaningCoyote3 · first_building Barracks |
| 10:29 | alex02052013 · age_up feudal |
| 10:36 | RicardoIsma02 · age_up feudal |
| 11:14 | Hydarnis · age_up feudal |
| 11:16 | ッ · age_up feudal |
| 12:58 | ッ · first_building Barracks |
| 13:24 | GroaningCoyote3 · wall_segment Stone Wall x2 |
| 13:34 | ELITEMARIO69 · first_building Barracks |
| 14:04 | ッ · first_building Stable |
| 14:14 | GroaningCoyote3 · wall_segment Stone Wall x1 |
| 14:24 | TORRES · age_up feudal |
| 14:32 | TORRES · first_building Barracks |
| 14:46 | ッ · first_market_buy 100 food |
| 15:11 | GroaningCoyote3 · wall_segment Stone Wall x2 |
| 15:34 | GroaningCoyote3 · wall_segment Stone Wall x1 |
| 16:00 | Hydarnis · first_building Archery Range |
| 16:14 | Hydarnis · first_market_buy 100 food |
| 16:17 | Hydarnis · first_market_sell 100 wood |
| 16:31 | GroaningCoyote3 · wall_segment Stone Wall x12 |
| 16:44 | ELITEMARIO69 · first_building Stable |
| 17:08 | TORRES · first_building Archery Range |
| 17:10 | ッ · first_building Archery Range |
| 18:03 | alex02052013 · age_up castle |
| 18:50 | GroaningCoyote3 · first_building Stable |
| 19:11 | ッ · age_up castle |
| 19:16 | ELITEMARIO69 · first_market_sell 100 food |
| 19:33 | GroaningCoyote3 · first_market_buy 100 food |
| 20:11 | RicardoIsma02 · first_building Barracks |
| 20:22 | RicardoIsma02 · age_up castle |
| 20:59 | ッ · first_building Monastery |
| 21:02 | Hydarnis · age_up castle |
| 21:33 | RicardoIsma02 · first_market_buy 100 wood |
| 21:35 | ッ · first_building Siege Workshop |
| 21:44 | ELITEMARIO69 · first_building Archery Range |
| 22:02 | humpreymcbuilderzzs · age_up feudal |
| 22:52 | humpreymcbuilderzzs · wall_segment Palisade Wall x6 |
| 23:10 | TORRES · age_up castle |
| 23:14 | alex02052013 · first_building Castle |
| 24:19 | TORRES · first_building Monastery |
| 24:44 | TORRES · first_building Castle |
| 26:08 | humpreymcbuilderzzs · wall_segment Stone Wall x12 |
| 26:10 | humpreymcbuilderzzs · wall_segment Stone Wall x7 |
| 26:12 | humpreymcbuilderzzs · wall_segment Stone Wall x1 |
| 26:12 | humpreymcbuilderzzs · wall_segment Stone Wall x1 |
| 26:13 | humpreymcbuilderzzs · wall_segment Stone Wall x1 |
| 26:13 | humpreymcbuilderzzs · wall_segment Stone Wall x1 |
| 26:16 | humpreymcbuilderzzs · wall_segment Stone Wall x1 |
| 26:16 | humpreymcbuilderzzs · wall_segment Stone Wall x1 |
| 26:17 | humpreymcbuilderzzs · wall_segment Stone Wall x1 |
| 26:17 | humpreymcbuilderzzs · wall_segment Stone Wall x2 |
| 26:17 | humpreymcbuilderzzs · wall_segment Stone Wall x1 |
| 26:17 | humpreymcbuilderzzs · wall_segment Stone Wall x1 |
| 26:18 | humpreymcbuilderzzs · wall_segment Stone Wall x2 |
| 26:18 | humpreymcbuilderzzs · wall_segment Stone Wall x1 |
| 26:19 | humpreymcbuilderzzs · wall_segment Stone Wall x1 |
| 26:19 | humpreymcbuilderzzs · wall_segment Stone Wall x1 |
| 26:19 | humpreymcbuilderzzs · wall_segment Stone Wall x1 |
| 26:20 | humpreymcbuilderzzs · wall_segment Stone Wall x1 |
| 26:20 | humpreymcbuilderzzs · wall_segment Stone Wall x2 |
| 26:20 | humpreymcbuilderzzs · wall_segment Stone Wall x1 |
| 26:20 | humpreymcbuilderzzs · wall_segment Stone Wall x2 |
| 26:20 | humpreymcbuilderzzs · wall_segment Stone Wall x1 |
| 26:21 | humpreymcbuilderzzs · wall_segment Stone Wall x2 |
| 26:21 | humpreymcbuilderzzs · wall_segment Stone Wall x2 |
| 26:21 | humpreymcbuilderzzs · wall_segment Stone Wall x1 |
| 28:35 | RicardoIsma02 · first_building Castle |
| 28:56 | humpreymcbuilderzzs · wall_segment Stone Wall x6 |
| 28:58 | humpreymcbuilderzzs · wall_segment Stone Wall x8 |
| 29:01 | Hydarnis · first_building Castle |
| 29:16 | GroaningCoyote3 · first_building Castle |
| 29:34 | GroaningCoyote3 · wall_segment Stone Wall x17 |
| 29:45 | ELITEMARIO69 · first_building Castle |
| 30:19 | humpreymcbuilderzzs · wall_segment Stone Wall x7 |
| 30:24 | humpreymcbuilderzzs · wall_segment Stone Wall x1 |
| 30:26 | humpreymcbuilderzzs · wall_segment Stone Wall x3 |
| 30:26 | humpreymcbuilderzzs · wall_segment Stone Wall x1 |
| 30:27 | humpreymcbuilderzzs · wall_segment Stone Wall x1 |
| 30:27 | humpreymcbuilderzzs · wall_segment Stone Wall x1 |
| 30:28 | humpreymcbuilderzzs · wall_segment Stone Wall x1 |
| 30:28 | humpreymcbuilderzzs · wall_segment Stone Wall x1 |
| 30:29 | humpreymcbuilderzzs · wall_segment Stone Wall x7 |
| 30:30 | humpreymcbuilderzzs · wall_segment Stone Wall x1 |
| 30:32 | RicardoIsma02 · first_building Monastery |
| 30:39 | humpreymcbuilderzzs · age_up castle |
| 30:41 | GroaningCoyote3 · first_building Archery Range |
| 31:11 | humpreymcbuilderzzs · first_building Castle |
| 31:41 | alex02052013 · first_building Barracks |
| 32:12 | Hydarnis · first_building Monastery |
| 33:08 | TORRES · first_building Stable |
| 33:22 | RicardoIsma02 · age_up imperial |
| 34:23 | alex02052013 · age_up imperial |
| 34:44 | TORRES · age_up imperial |
| 35:29 | GroaningCoyote3 · wall_segment Stone Wall x2 |
| 36:01 | Hydarnis · age_up imperial |
| 36:36 | GroaningCoyote3 · first_market_sell 100 stone |
| 36:58 | GroaningCoyote3 · wall_segment Stone Wall x5 |
| 37:04 | ッ · age_up imperial |
| 37:09 | ELITEMARIO69 · first_building Monastery |
| 39:07 | ッ · first_building Castle |
| 39:43 | alex02052013 · first_market_sell 100 food |
| 42:02 | humpreymcbuilderzzs · first_building Barracks |
| 42:25 | humpreymcbuilderzzs · first_market_buy 100 wood |
| 42:26 | humpreymcbuilderzzs · first_market_sell 100 food |
| 42:40 | humpreymcbuilderzzs · first_building Siege Workshop |
| 43:58 | humpreymcbuilderzzs · age_up imperial |
| 44:43 | humpreymcbuilderzzs · first_building Archery Range |
| 45:15 | TORRES · resign |
| 45:54 | ッ · tribute_sent a jugador 1 |
| 45:54 | ッ · tribute_sent a jugador 2 |
| 45:54 | ッ · tribute_sent a jugador 3 |
| 45:54 | ッ · tribute_sent a jugador 4 |
| 45:54 | ッ · tribute_sent a jugador 5 |
| 45:54 | ッ · tribute_sent a jugador 7 |
| 45:54 | ッ · tribute_sent a jugador 8 |
[ AI ANALYSIS · 1 CREDIT ]
What really happened in this match?
Wolo.gg analyzes every decision: build order, eco, micro, common mistakes by bracket. Personalized analysis on WhatsApp or Discord in 30 seconds.
Civ guide
Tupi
Perfil
Jugador #21397534